TOP OF THE 1ST |
Richmond Flairs batting - Pitching for Detroit X-Wings : RHP Júlio Ruíz
|
Pitching: RHP Júlio Ruíz
|
|
Batting: RHB Javier Rentería
|
0-0: Ball 1-0: SINGLE (Groundball, 6MD)
|
Batting: RHB Freddy Padilla
|
0-0: Ball 1-0: Called Strike 1-1: Called Strike 1-2: SINGLE (Groundball, 34D) Javier Rentería to second Javier Rentería to third
|
Batting: LHB Sean Nicks
|
0-0: Called Strike 0-1: Ball 1-1: Foul Ball, location: 2F 1-2: Foul Ball, location: 2F 1-2: Ball 2-2: Strikes out swinging
|
Batting: LHB Roland Jones
|
0-0: SINGLE (Groundball, 4MD) Javier Rentería scores Freddy Padilla to second Runner from 2nd tries for 3rd, SAFE, throw made to third Roland Jones to second
|
Batting: RHB Rafael Carreón
|
0-0: Ball 1-0: Swinging Strike 1-1: Ball 2-1: Ball 3-1: Base on Balls
|
Batting: LHB R.J. Courtney
|
0-0: Called Strike 0-1: Ball 1-1: Ball 2-1: Called Strike 2-2: Foul Ball, location: 2F 2-2: Ball 3-2: Strikes out swinging
|
Batting: RHB R.J. Crosby
|
0-0: Called Strike 0-1: Fielders Choice at 2nd, 4-6 (Groundball, 4)
|
Top of the 1st over - 1 run(s), 3 hit(s), 0 error(s), 2 left on base; Richmond 1 - Detroit 0 |
BOTTOM OF THE 1ST |
Detroit X-Wings batting - Pitching for Richmond Flairs : RHP Curt Watkins
|
Pitching: RHP Curt Watkins
|
|
Batting: LHB Sergio Luna
|
0-0: Called Strike 0-1: Ball 1-1: Swinging Strike 1-2: Foul Ball, location: 2F 1-2: Ball 2-2: Foul Ball, location: 2F 2-2: Strikes out swinging
|
Batting: LHB Chris Loudermilk
|
0-0: Swinging Strike 0-1: SINGLE (Line Drive, 89S)
|
Batting: LHB Juan Colón
|
0-0: Swinging Strike 0-1: Swinging Strike 0-2: Foul Ball, location: 2F 0-2: Ball 1-2: Strikes out looking
|
Batting: RHB Keith Sims
|
0-0: Ball 1-0: Foul Ball, location: 2F 1-1: Ball 2-1: Foul Ball, location: 2F 2-2: Strikes out swinging
|
Bottom of the 1st over - 0 run(s), 1 hit(s), 0 error(s), 1 left on base; Richmond 1 - Detroit 0 |
TOP OF THE 2ND |
Richmond Flairs batting - Pitching for Detroit X-Wings : RHP Júlio Ruíz
|
Batting: RHB Gary Thomas
|
0-0: Ball 1-0: Ball 2-0: Ball 3-0: Base on Balls
|
Batting: RHB Christian Hudson
|
0-0: 2-RUN HOME RUN (Flyball, 7D), Distance : 374 ft
|
Batting: RHB Javier Rentería
|
0-0: Ground out 6-3 (Groundball, 6)
|
Batting: RHB Freddy Padilla
|
0-0: SINGLE (Groundball, 5S) (infield hit)
|
Batting: LHB Sean Nicks
|
0-0: Ball Freddy Padilla is caught stealing 2nd base 1-0: Foul Ball, location: 2F 1-1: Ball 2-1: Swinging Strike 2-2: Foul Ball, location: 2F 2-2: Fly out, F8 (Flyball, 8LS)
|
Top of the 2nd over - 2 run(s), 2 hit(s), 0 error(s), 0 left on base; Richmond 3 - Detroit 0 |
BOTTOM OF THE 2ND |
Detroit X-Wings batting - Pitching for Richmond Flairs : RHP Curt Watkins
|
Batting: RHB John Moore
|
0-0: Ball 1-0: DOUBLE (Line Drive, 9LM)
|
Batting: RHB Júlio López
|
0-0: Foul Ball, location: 2F 0-1: Swinging Strike 0-2: Ball 1-2: Strikes out swinging
|
Batting: SHB Javier Jiménez
|
0-0: Called Strike 0-1: Ball 1-1: Foul Ball, location: 2F 1-2: Ball 2-2: Ground out 6-3 (Groundball, 6)
|
Batting: LHB Paul Alston
|
0-0: Foul Ball, location: 2F 0-1: Ball 1-1: Ball 2-1: Swinging Strike 2-2: Foul Ball, location: 2F 2-2: Strikes out swinging
|
Bottom of the 2nd over - 0 run(s), 1 hit(s), 0 error(s), 1 left on base; Richmond 3 - Detroit 0 |
TOP OF THE 3RD |
Richmond Flairs batting - Pitching for Detroit X-Wings : RHP Júlio Ruíz
|
Batting: LHB Roland Jones
|
0-0: Called Strike 0-1: Ball 1-1: Called Strike 1-2: Ball 2-2: Foul Ball, location: 2F 2-2: Ball 3-2: Base on Balls
|
Batting: RHB Rafael Carreón
|
0-0: Ball 1-0: Foul Ball, location: 2F 1-1: Ball 2-1: Foul Ball, location: 2F 2-2: Foul Ball, location: 2F 2-2: Ball 3-2: SINGLE (Line Drive, 8LS) Roland Jones to second Roland Jones to third
|
Batting: LHB R.J. Courtney
|
0-0: Foul Ball, location: 2F 0-1: Ball 1-1: Called Strike 1-2: Strikes out looking
|
Batting: RHB R.J. Crosby
|
0-0: Grounds into double play, 4-6-3 (Groundball, 4)
|
Top of the 3rd over - 0 run(s), 1 hit(s), 0 error(s), 1 left on base; Richmond 3 - Detroit 0 |
BOTTOM OF THE 3RD |
Detroit X-Wings batting - Pitching for Richmond Flairs : RHP Curt Watkins
|
Batting: RHB Oliver Acevedo
|
0-0: Called Strike 0-1: SINGLE (Line Drive, 4MD)
|
Batting: LHB Sergio Luna
|
0-0: SINGLE (Flyball, 7LS) Oliver Acevedo to second
|
Batting: LHB Chris Loudermilk
|
0-0: Called Strike 0-1: Fielders Choice at 2nd, 3-6 (Groundball, 34) Oliver Acevedo to third
|
Batting: LHB Juan Colón
|
0-0: Ball 1-0: Ball 2-0: Called Strike 2-1: Called Strike 2-2: Strikes out swinging
|
Batting: RHB Keith Sims
|
0-0: Ball 1-0: Ball 2-0: Ball 3-0: Called Strike 3-1: Called Strike 3-2: Base on Balls Chris Loudermilk to second
|
Batting: RHB John Moore
|
0-0: Ball 1-0: Fly out, F9 (Flyball, 89S)
|
Bottom of the 3rd over - 0 run(s), 2 hit(s), 0 error(s), 3 left on base; Richmond 3 - Detroit 0 |
TOP OF THE 4TH |
Richmond Flairs batting - Pitching for Detroit X-Wings : RHP Júlio Ruíz
|
Batting: RHB Gary Thomas
|
0-0: Called Strike 0-1: Fly out, F4 (Flyball, 4MD)
|
Batting: RHB Christian Hudson
|
0-0: Ground out 5-3 (Groundball, 56)
|
Batting: RHB Javier Rentería
|
0-0: SINGLE (Flyball, 3D)
|
Batting: RHB Freddy Padilla
|
0-0: Ball Javier Rentería steals 2nd base 1-0: Ball 2-0: Foul Ball, location: 2F 2-1: Called Strike 2-2: Strikes out swinging
|
Top of the 4th over - 0 run(s), 1 hit(s), 0 error(s), 1 left on base; Richmond 3 - Detroit 0 |
BOTTOM OF THE 4TH |
Detroit X-Wings batting - Pitching for Richmond Flairs : RHP Curt Watkins
|
Batting: RHB Júlio López
|
0-0: Ball 1-0: Ball 2-0: Called Strike 2-1: SINGLE (Groundball, P) (infield hit)
|
Batting: SHB Javier Jiménez
|
Pickoff Throw to First - Out! 0-0: Called Strike 0-1: Foul Ball, location: 2F 0-2: Ball 1-2: Ball 2-2: SINGLE (Line Drive, 6)
|
Batting: LHB Paul Alston
|
0-0: Called Strike 0-1: Called Strike 0-2: Strikes out swinging
|
Batting: RHB Oliver Acevedo
|
0-0: Ball 1-0: Ball 2-0: Called Strike 2-1: Ball 3-1: Foul Ball, location: 2F 3-2: Ground out 1-3 (Groundball, 13S)
|
Bottom of the 4th over - 0 run(s), 2 hit(s), 0 error(s), 1 left on base; Richmond 3 - Detroit 0 |
TOP OF THE 5TH |
Richmond Flairs batting - Pitching for Detroit X-Wings : RHP Júlio Ruíz
|
Batting: LHB Sean Nicks
|
0-0: Ball 1-0: Ball 2-0: Foul Ball, location: 2F 2-1: Ball 3-1: Base on Balls
|
Batting: LHB Roland Jones
|
0-0: Grounds into double play, 6-4-3 (Groundball, 6)
|
Batting: RHB Rafael Carreón
|
0-0: Called Strike 0-1: Ball 1-1: Foul Ball, location: 2F 1-2: Ball 2-2: Strikes out looking
|
Top of the 5th over - 0 run(s), 0 hit(s), 0 error(s), 0 left on base; Richmond 3 - Detroit 0 |
BOTTOM OF THE 5TH |
Detroit X-Wings batting - Pitching for Richmond Flairs : RHP Curt Watkins
|
Batting: LHB Sergio Luna
|
0-0: Called Strike 0-1: Ball 1-1: Ground out 4-3 (Groundball, 4)
|
Batting: LHB Chris Loudermilk
|
0-0: Called Strike 0-1: Ball 1-1: Swinging Strike 1-2: Fly out, F8 (Flyball, 78D)
|
Batting: LHB Juan Colón
|
0-0: Ball 1-0: Fly out, F7 (Flyball, 7D)
|
Bottom of the 5th over - 0 run(s), 0 hit(s), 0 error(s), 0 left on base; Richmond 3 - Detroit 0 |
TOP OF THE 6TH |
Richmond Flairs batting - Pitching for Detroit X-Wings : RHP Júlio Ruíz
|
Batting: LHB R.J. Courtney
|
0-0: Foul Ball, location: 2F 0-1: Foul Ball, location: 2F 0-2: Ball 1-2: Ball 2-2: Strikes out swinging
|
Batting: RHB R.J. Crosby
|
0-0: Ball 1-0: Ground out 4-3 (Groundball, 4)
|
Batting: RHB Gary Thomas
|
0-0: Fly out, F3 (Popup, 3S)
|
Top of the 6th over - 0 run(s), 0 hit(s), 0 error(s), 0 left on base; Richmond 3 - Detroit 0 |
BOTTOM OF THE 6TH |
Detroit X-Wings batting - Pitching for Richmond Flairs : RHP Curt Watkins
|
Batting: RHB Keith Sims
|
0-0: Called Strike 0-1: SOLO HOME RUN (Flyball, 7D), Distance : 373 ft
|
Batting: RHB John Moore
|
0-0: Ball 1-0: Foul Ball, location: 2F 1-1: SINGLE (Groundball, 34D)
|
Batting: RHB Júlio López
|
0-0: DOUBLE (Groundball, 5L) John Moore to third Runner from 3rd tries for Home, throw and OUT! Júlio López to third
|
Batting: SHB Javier Jiménez
|
0-0: Called Strike 0-1: Swinging Strike 0-2: Ball 1-2: Strikes out swinging
|
Batting: LHB Paul Alston
|
0-0: Foul Ball, location: 2F 0-1: Ground out 1-3 (Groundball, 15S)
|
Bottom of the 6th over - 1 run(s), 3 hit(s), 0 error(s), 1 left on base; Richmond 3 - Detroit 1 |
TOP OF THE 7TH |
Richmond Flairs batting - Pitching for Detroit X-Wings : RHP Júlio Ruíz
|
Batting: RHB Christian Hudson
|
0-0: Foul Ball, location: 2F 0-1: Ball 1-1: Ball 2-1: Called Strike 2-2: Ball 3-2: Foul Ball, location: 2F 3-2: Strikes out looking
|
Batting: RHB Javier Rentería
|
0-0: SINGLE (Groundball, 56) (infield hit)
|
Batting: RHB Freddy Padilla
|
0-0: Ball 1-0: Ball 2-0: Ball 3-0: Called Strike 3-1: Called Strike 3-2: Fly out, F9 (Line Drive, 9)
|
Pitching: LHP Richard Dorris
|
|
Batting: LHB Sean Nicks
|
0-0: Ground out U3 (Groundball, 3)
|
Top of the 7th over - 0 run(s), 1 hit(s), 0 error(s), 1 left on base; Richmond 3 - Detroit 1 |
BOTTOM OF THE 7TH |
Detroit X-Wings batting - Pitching for Richmond Flairs : RHP Curt Watkins
|
Pitching: LHP Enrico Lozano
|
|
Batting: RHB Oliver Acevedo
|
0-0: Foul Ball, location: 2F 0-1: Foul Ball, location: 2F 0-2: Ball 1-2: Strikes out swinging
|
Batting: LHB Sergio Luna
|
0-0: Ball 1-0: Ball 2-0: Ground out U3 (Groundball, 34)
|
Batting: LHB Chris Loudermilk
|
0-0: SINGLE (Line Drive, 34D)
|
Batting: LHB Juan Colón
|
0-0: Called Strike 0-1: Fielders Choice at 2nd, 6-4 (Groundball, 6)
|
Bottom of the 7th over - 0 run(s), 1 hit(s), 0 error(s), 0 left on base; Richmond 3 - Detroit 1 |
TOP OF THE 8TH |
Richmond Flairs batting - Pitching for Detroit X-Wings : LHP Richard Dorris
|
Batting: LHB Roland Jones
|
0-0: Ball 1-0: Ball 2-0: Fly out, F8 (Flyball, 8LM)
|
Batting: RHB Rafael Carreón
|
0-0: Called Strike 0-1: Foul Ball, location: 2F 0-2: Ball 1-2: Ball 2-2: Strikes out looking
|
Batting: LHB R.J. Courtney
|
0-0: Called Strike 0-1: Fly out, F7 (Flyball, 78M)
|
Top of the 8th over - 0 run(s), 0 hit(s), 0 error(s), 0 left on base; Richmond 3 - Detroit 1 |
BOTTOM OF THE 8TH |
Detroit X-Wings batting - Pitching for Richmond Flairs : LHP Enrico Lozano
|
Batting: RHB Keith Sims
|
0-0: Called Strike 0-1: Foul Ball, location: 2F 0-2: Ball 1-2: Ball 2-2: Ball 3-2: Foul Ball, location: 2F 3-2: SINGLE (Flyball, 7LM)
|
Pitching: RHP Hyeong-uk Yi
|
|
Batting: RHB John Moore
|
0-0: Foul Ball, location: 2F 0-1: Called Strike 0-2: Foul Ball, location: 2F 0-2: Ball 1-2: Ball 2-2: Strikes out swinging
|
Batting: RHB Júlio López
|
0-0: Called Strike 0-1: Foul Ball, location: 2F 0-2: Ball 1-2: Ball 2-2: SINGLE (Groundball, 6) (infield hit) Keith Sims to second
|
Pinch Hitting: LHB Juan Jose Pineda
|
0-0: Foul Ball, location: 2F 0-1: Foul Ball, location: 2F 0-2: Ball 1-2: Foul Ball, location: 2F 1-2: Strikes out looking
|
Pitching: LHP Salvador Rodríguez
|
|
Pinch Hitting: RHB Jaime Contreras
|
0-0: Called Strike 0-1: Foul Ball, location: 2F 0-2: Foul Ball, location: 2F 0-2: Ball 1-2: Strikes out looking
|
Bottom of the 8th over - 0 run(s), 2 hit(s), 0 error(s), 2 left on base; Richmond 3 - Detroit 1 |
TOP OF THE 9TH |
Richmond Flairs batting - Pitching for Detroit X-Wings : LHP Richard Dorris
|
Now at 1B: Felipe Detorres
|
|
Now in LF: Jaime Contreras
|
|
Batting: RHB R.J. Crosby
|
0-0: Swinging Strike 0-1: Foul Ball, location: 2F 0-2: Ground out 5-3 (Groundball, 56)
|
Batting: RHB Gary Thomas
|
0-0: Ball 1-0: Called Strike 1-1: Ball 2-1: Fly out, F8 (Flyball, 8LM)
|
Batting: RHB Christian Hudson
|
0-0: Fly out, F9 (Flyball, 9S)
|
Top of the 9th over - 0 run(s), 0 hit(s), 0 error(s), 0 left on base; Richmond 3 - Detroit 1 |
BOTTOM OF THE 9TH |
Detroit X-Wings batting - Pitching for Richmond Flairs : LHP Salvador Rodríguez
|
Pitching: RHP Alfonso Rodríguez
|
|
Batting: RHB Oliver Acevedo
|
0-0: Ball 1-0: Foul Ball, location: 2F 1-1: Foul Ball, location: 2F 1-2: Strikes out swinging
|
Batting: LHB Sergio Luna
|
0-0: Called Strike 0-1: Swinging Strike 0-2: Ball 1-2: Strikes out swinging
|
Batting: LHB Chris Loudermilk
|
0-0: Called Strike 0-1: Ball 1-1: Foul Ball, location: 2F 1-2: Foul Ball, location: 2F 1-2: Ball 2-2: Ground out 4-3 (Groundball, 4)
|
Bottom of the 9th over - 0 run(s), 0 hit(s), 0 error(s), 0 left on base; Richmond 3 - Detroit 1 |
|